[ PARTIDA AOE2 · #506904881 ]
UnrankedBengalíes vs Lithuanians
Equipo del jugador · VICT
Equipo rival · DERR
[ ANÁLISIS DE REPETICIÓN · EXTRAÍDO DE LA PARTIDA GRABADA ]
Feudal
11:46
Castillos
15:20
Imperial
30:15
| APM promedio | 41.5 |
| APM pico | 66 |
| eAPM promedio | 25.4 |
| Aldeanos / militares | 97 / 78 |
Foco
⚔️ 31.0% · 🌾 69.0%
Scout Cavalry ×28 · Monk ×19 · Battle Elephant ×14 · Mangonel ×11 · Fishing Ship ×10 · Armored Elephant ×3
Feudal
12:02
Castillos
15:35
Imperial
40:37
| APM promedio | 53.5 |
| APM pico | 102 |
| eAPM promedio | 29.1 |
| Aldeanos / militares | 122 / 29 |
Foco
⚔️ 35.0% · 🌾 65.0%
Monk ×25 · Fishing Ship ×6 · Mangonel ×3 · Leitis ×1 · Trade Cart ×1
Mapa de la partida
Recursos iniciales + cada clic de construcción. Líneas = muros · curvas = relieve. ◆ oro · ⬟ piedra · ● bayas · ✦ reliquia · ◌ hueco del cierre
Tu base· Abierta — el rival se encerró
Base de ceepki· ✓ Cerrada en 15:35 · 11t muro · sin puerta
Terreno inicial suavizado · ◌ = hueco del cierre detectado · pasá el cursor para detalles
Inputs por minuto
— WhiteForest - - ceepki
Build order — WhiteForest
Primeras 150 de 331 acciones detectadas
| 0:01 | Encolar | Villager (Male) ×4 |
| 0:02 | Construir | House |
| 0:03 | Construir | House |
| 0:24 | Investigar | Loom |
| 0:24 | Encolar | Villager (Male) |
| 0:53 | Encolar | Villager (Male) |
| 0:53 | Encolar | Villager (Male) |
| 1:16 | Construir | Palisade Wall |
| 1:33 | Construir | Palisade Wall |
| 1:39 | Construir | Palisade Wall |
| 1:40 | Construir | Palisade Wall |
| 1:53 | Encolar | Villager (Male) |
| 2:43 | Encolar | Villager (Male) |
| 3:05 | Encolar | Villager (Male) |
| 3:12 | Construir | Lumber Camp |
| 3:31 | Construir | House |
| 3:32 | Encolar | Villager (Male) |
| 3:32 | Encolar | Villager (Male) |
| 3:55 | Encolar | Villager (Male) |
| 3:55 | Encolar | Villager (Male) |
| 4:18 | Encolar | Villager (Male) |
| 4:18 | Encolar | Villager (Male) |
| 4:39 | Encolar | Villager (Male) |
| 5:09 | Encolar | Villager (Male) |
| 5:10 | Encolar | Villager (Male) |
| 5:31 | Encolar | Villager (Male) |
| 5:34 | Construir | Dock |
| 5:55 | Encolar | Villager (Male) |
| 6:20 | Encolar | Fishing Ship |
| 6:21 | Encolar | Fishing Ship |
| 6:25 | Construir | House |
| 6:28 | Encolar | Villager (Male) |
| 6:29 | Encolar | Villager (Male) |
| 6:46 | Encolar | Villager (Male) |
| 7:02 | Encolar | Fishing Ship |
| 7:25 | Construir | House |
| 7:28 | Encolar | Villager (Male) |
| 7:37 | Encolar | Fishing Ship |
| 7:47 | Encolar | Villager (Male) |
| 8:19 | Encolar | Villager (Male) |
| 8:20 | Encolar | Fishing Ship |
| 8:52 | Construir | Mining Camp |
| 8:57 | Encolar | Villager (Male) |
| 9:08 | Construir | Mill |
| 9:36 | Investigar | Feudal Age |
| 9:37 | Investigar | Feudal Age |
| 10:05 | Construir | House |
| 10:33 | Encolar | Fishing Ship |
| 10:44 | Encolar | Villager (Male) |
| 10:44 | Encolar | Villager (Male) |
| 11:46 | Edad | Edad Feudal |
| 11:47 | Construir | Blacksmith |
| 11:49 | Construir | Market |
| 12:26 | Construir | Fish Trap |
| 12:40 | Investigar | Castle Age |
| 13:13 | Investigar | Double-Bit Axe |
| 13:21 | Construir | Fish Trap |
| 13:30 | Construir | House |
| 13:42 | Construir | Palisade Gate |
| 14:17 | Construir | Fish Trap |
| 14:20 | Investigar | Tech 906 |
| 14:41 | Encolar | Villager (Male) |
| 14:55 | Construir | Fish Trap |
| 15:20 | Edad | Edad de los Castillos |
| 15:22 | Construir | Siege Workshop |
| 15:24 | Construir | House |
| 15:25 | Encolar | Villager (Male) |
| 15:45 | Construir | Monastery |
| 15:47 | Encolar | Villager (Male) |
| 15:56 | Construir | House |
| 15:58 | Encolar | Armored Elephant |
| 16:12 | Encolar | Villager (Male) |
| 16:21 | Encolar | Monk |
| 16:24 | Encolar | Mangonel |
| 16:26 | Encolar | Villager (Male) |
| 16:28 | Construir | House |
| 17:06 | Investigar | Redemption |
| 17:06 | Encolar | Villager (Male) |
| 17:13 | Construir | Fish Trap |
| 17:29 | Encolar | Villager (Male) |
| 17:32 | Investigar | Bow Saw |
| 18:05 | Construir | Palisade Wall |
| 18:32 | Encolar | Villager (Male) |
| 18:37 | Investigar | Atonement |
| 18:39 | Construir | Farm |
| 18:39 | Construir | Farm |
| 18:40 | Construir | Farm |
| 18:40 | Encolar | Villager (Male) |
| 19:02 | Encolar | Villager (Male) |
| 19:07 | Encolar | Monk |
| 19:10 | Encolar | Villager (Male) |
| 19:39 | Construir | Town Center |
| 19:56 | Construir | Monastery |
| 20:02 | Encolar | Mangonel |
| 20:17 | Construir | Monastery |
| 20:19 | Encolar | Villager (Male) |
| 20:39 | Encolar | Armored Elephant |
| 20:39 | Encolar | Villager (Male) |
| 20:41 | Encolar | Villager (Male) |
| 20:41 | Encolar | Villager (Male) |
| 20:43 | Construir | Farm |
| 20:44 | Construir | Farm |
| 20:45 | Construir | Farm |
| 20:57 | Encolar | Monk |
| 21:01 | Encolar | Villager (Male) |
| 21:10 | Encolar | Villager (Male) |
| 21:12 | Construir | Farm |
| 21:13 | Construir | Farm |
| 21:14 | Investigar | Horse Collar |
| 21:21 | Encolar | Monk |
| 21:24 | Encolar | Villager (Male) |
| 21:26 | Construir | House |
| 22:01 | Encolar | Villager (Male) |
| 22:02 | Encolar | Villager (Male) |
| 22:02 | Encolar | Monk |
| 22:04 | Encolar | Villager (Male) |
| 22:05 | Construir | Farm |
| 22:06 | Construir | Farm |
| 22:07 | Construir | Farm |
| 22:08 | Construir | Farm |
| 22:09 | Construir | Farm |
| 22:16 | Encolar | Villager (Male) |
| 22:20 | Encolar | Mangonel |
| 22:22 | Encolar | Villager (Male) |
| 22:46 | Encolar | Villager (Male) |
| 23:07 | Encolar | Villager (Male) |
| 23:18 | Investigar | Sanctity |
| 24:01 | Encolar | Villager (Male) |
| 24:01 | Encolar | Villager (Male) |
| 24:02 | Construir | Farm |
| 24:03 | Construir | Farm |
| 24:05 | Construir | Farm |
| 24:23 | Encolar | Monk |
| 24:24 | Encolar | Monk |
| 24:25 | Encolar | Villager (Male) |
| 24:25 | Encolar | Villager (Male) |
| 24:27 | Construir | House |
| 24:28 | Construir | House |
| 24:29 | Construir | Farm |
| 24:31 | Construir | Farm |
| 24:31 | Construir | Farm |
| 24:33 | Construir | Farm |
| 24:34 | Encolar | Demolition Raft |
| 24:38 | Construir | Dock |
| 24:53 | Encolar | Monk |
| 24:55 | Encolar | Villager (Male) |
| 25:00 | Construir | Mining Camp |
| 25:01 | Encolar | Villager (Male) |
| 25:06 | Construir | Lumber Camp |
| 25:10 | Construir | Barracks |
Build order — ceepki
Primeras 150 de 314 acciones detectadas
| 0:00 | Encolar | Villager (Male) |
| 0:00 | Encolar | Villager (Male) |
| 0:01 | Encolar | Villager (Male) |
| 0:02 | Construir | House |
| 0:10 | Encolar | Villager (Male) |
| 0:17 | Encolar | Villager (Male) |
| 0:18 | Encolar | Villager (Male) |
| 0:43 | Investigar | Loom |
| 0:44 | Encolar | Villager (Male) |
| 0:44 | Encolar | Villager (Male) |
| 1:01 | Encolar | Villager (Male) |
| 1:07 | Encolar | Villager (Male) |
| 1:31 | Construir | Palisade Wall |
| 2:09 | Construir | House |
| 2:13 | Construir | Lumber Camp |
| 2:34 | Encolar | Villager (Male) |
| 3:15 | Encolar | Villager (Male) |
| 3:44 | Encolar | Villager (Male) |
| 4:09 | Encolar | Villager (Male) |
| 4:09 | Encolar | Villager (Male) |
| 4:11 | Construir | House |
| 4:38 | Encolar | Villager (Male) |
| 4:50 | Construir | Dock |
| 5:04 | Encolar | Villager (Male) |
| 5:05 | Encolar | Villager (Male) |
| 5:18 | Encolar | Villager (Male) |
| 5:38 | Encolar | Fishing Ship |
| 5:44 | Construir | House |
| 6:01 | Encolar | Villager (Male) |
| 6:02 | Encolar | Villager (Male) |
| 6:11 | Encolar | Villager (Male) |
| 6:22 | Encolar | Fishing Ship |
| 6:36 | Encolar | Villager (Male) |
| 6:55 | Construir | House |
| 7:04 | Encolar | Villager (Male) |
| 7:10 | Encolar | Villager (Male) |
| 7:25 | Encolar | Villager (Male) |
| 7:39 | Encolar | Fishing Ship |
| 7:41 | Encolar | Fishing Ship |
| 8:03 | Encolar | Villager (Male) |
| 8:10 | Construir | Mill |
| 8:35 | Construir | House |
| 8:43 | Encolar | Villager (Male) |
| 9:15 | Encolar | Fishing Ship |
| 9:24 | Encolar | Villager (Male) |
| 9:52 | Investigar | Feudal Age |
| 9:52 | Investigar | Feudal Age |
| 9:52 | Investigar | Feudal Age |
| 10:05 | Construir | Mining Camp |
| 11:07 | Encolar | Villager (Male) |
| 12:02 | Edad | Edad Feudal |
| 12:06 | Construir | Market |
| 12:08 | Construir | Blacksmith |
| 12:21 | Encolar | Villager (Male) |
| 12:54 | Construir | House |
| 12:55 | Investigar | Castle Age |
| 12:55 | Investigar | Castle Age |
| 13:12 | Investigar | Double-Bit Axe |
| 13:14 | Investigar | Tech 906 |
| 13:31 | Construir | Palisade Wall |
| 14:52 | Encolar | Villager (Male) |
| 14:59 | Construir | Outpost |
| 15:30 | Encolar | Villager (Male) |
| 15:35 | Edad | Edad de los Castillos |
| 15:38 | Investigar | Town Watch |
| 15:40 | Construir | Town Center |
| 15:41 | Encolar | Villager (Male) |
| 15:43 | Construir | Monastery |
| 15:44 | Encolar | Villager (Male) |
| 15:56 | Encolar | Fishing Ship |
| 16:09 | Construir | Town Center |
| 16:10 | Encolar | Villager (Male) |
| 16:28 | Construir | House |
| 16:28 | Encolar | Villager (Male) |
| 16:34 | Encolar | Villager (Male) |
| 16:36 | Construir | Siege Workshop |
| 16:37 | Encolar | Villager (Male) |
| 16:47 | Construir | Stone Wall |
| 16:48 | Construir | Stone Wall |
| 16:48 | Construir | Stone Wall |
| 16:50 | Encolar | Monk |
| 16:53 | Construir | Stone Wall |
| 16:54 | Encolar | Villager (Male) |
| 17:00 | Encolar | Villager (Male) |
| 17:02 | Encolar | Villager (Male) |
| 17:02 | Encolar | Villager (Male) |
| 17:06 | Encolar | Villager (Male) |
| 17:06 | Encolar | Villager (Male) |
| 17:26 | Encolar | Mangonel |
| 17:45 | Encolar | Villager (Male) |
| 18:05 | Encolar | Monk |
| 18:31 | Encolar | Monk |
| 18:34 | Construir | Monastery |
| 18:42 | Construir | Mining Camp |
| 18:43 | Encolar | Villager (Male) |
| 19:02 | Investigar | Atonement |
| 19:02 | Investigar | Atonement |
| 19:29 | Encolar | Monk |
| 19:32 | Construir | Stone Wall |
| 19:41 | Construir | Fish Trap |
| 19:54 | Encolar | Monk |
| 20:16 | Encolar | Villager (Male) |
| 20:19 | Encolar | Monk |
| 20:20 | Encolar | Monk |
| 20:41 | Construir | House |
| 20:41 | Construir | House |
| 20:49 | Encolar | Monk |
| 20:56 | Construir | Watch Tower |
| 21:03 | Construir | Watch Tower |
| 21:06 | Construir | House |
| 21:17 | Encolar | Villager (Male) |
| 21:18 | Encolar | Villager (Male) |
| 21:38 | Encolar | Mangonel |
| 22:25 | Investigar | Redemption |
| 22:26 | Encolar | Villager (Male) |
| 22:26 | Encolar | Villager (Male) |
| 22:40 | Construir | House |
| 23:16 | Encolar | Villager (Male) |
| 23:45 | Encolar | Monk |
| 23:45 | Encolar | Monk |
| 24:11 | Encolar | Monk |
| 24:14 | Encolar | Villager (Male) |
| 24:22 | Encolar | Monk |
| 24:24 | Construir | Farm |
| 24:25 | Construir | Farm |
| 24:25 | Encolar | Villager (Male) |
| 25:15 | Investigar | Sanctity |
| 25:31 | Encolar | Villager (Male) |
| 25:54 | Investigar | Devotion |
| 25:54 | Investigar | Devotion |
| 26:03 | Construir | Farm |
| 26:04 | Construir | Farm |
| 26:04 | Construir | Farm |
| 26:14 | Encolar | Villager (Male) |
| 26:14 | Encolar | Villager (Male) |
| 26:20 | Construir | Farm |
| 26:27 | Investigar | Fervor |
| 26:27 | Investigar | Fervor |
| 26:42 | Encolar | Villager (Male) |
| 26:56 | Encolar | Monk |
| 26:57 | Encolar | Monk |
| 27:19 | Construir | Castle |
| 27:35 | Encolar | Villager (Male) |
| 27:41 | Encolar | Villager (Male) |
| 27:47 | Encolar | Villager (Male) |
| 27:56 | Encolar | Monk |
| 27:56 | Encolar | Monk |
| 28:09 | Encolar | Villager (Male) |
| 28:25 | Encolar | Villager (Male) |
| 28:35 | Encolar | Villager (Male) |
Cronología de la partida
| 1:16 | WhiteForest · wall_segment Palisade Wall x2 |
| 1:31 | ceepki · wall_segment Palisade Wall x10 |
| 1:33 | WhiteForest · wall_segment Palisade Wall x1 |
| 1:39 | WhiteForest · wall_segment Palisade Wall x1 |
| 1:40 | WhiteForest · wall_segment Palisade Wall x1 |
| 4:50 | ceepki · first_building Dock |
| 5:34 | WhiteForest · first_building Dock |
| 11:46 | WhiteForest · age_up feudal |
| 12:02 | ceepki · age_up feudal |
| 13:31 | ceepki · wall_segment Palisade Wall x1 |
| 15:20 | WhiteForest · age_up castle |
| 15:22 | WhiteForest · first_building Siege Workshop |
| 15:35 | ceepki · age_up castle |
| 15:43 | ceepki · first_building Monastery |
| 15:45 | WhiteForest · first_building Monastery |
| 16:36 | ceepki · first_building Siege Workshop |
| 16:46 | ceepki · first_market_buy 100 stone |
| 16:47 | ceepki · wall_segment Stone Wall x1 |
| 16:48 | ceepki · wall_segment Stone Wall x1 |
| 16:48 | ceepki · wall_segment Stone Wall x1 |
| 16:53 | ceepki · wall_segment Stone Wall x3 |
| 16:56 | WhiteForest · first_market_sell 100 food |
| 17:19 | ceepki · first_market_sell 100 food |
| 18:05 | WhiteForest · wall_segment Palisade Wall x1 |
| 19:32 | ceepki · wall_segment Stone Wall x1 |
| 25:10 | WhiteForest · first_building Barracks |
| 26:13 | WhiteForest · wall_segment Palisade Wall x1 |
| 26:20 | WhiteForest · first_building Stable |
| 27:19 | ceepki · first_building Castle |
| 29:28 | WhiteForest · first_market_buy 100 food |
| 30:15 | WhiteForest · age_up imperial |
| 32:07 | WhiteForest · first_building Castle |
| 33:00 | ceepki · wall_segment Stone Wall x8 |
| 33:20 | ceepki · wall_segment Stone Wall x12 |
| 33:55 | ceepki · wall_segment Stone Wall x14 |
| 34:10 | ceepki · wall_segment Stone Wall x13 |
| 37:51 | ceepki · wall_segment Stone Wall x8 |
| 38:58 | ceepki · wall_segment Stone Wall x7 |
| 39:01 | ceepki · wall_segment Stone Wall x3 |
| 39:20 | WhiteForest · first_building Archery Range |
| 39:36 | ceepki · wall_segment Stone Wall x1 |
| 39:52 | ceepki · wall_segment Stone Wall x1 |
| 39:53 | ceepki · wall_segment Stone Wall x7 |
| 40:02 | ceepki · wall_segment Stone Wall x1 |
| 40:12 | ceepki · wall_segment Stone Wall x4 |
| 40:17 | ceepki · wall_segment Stone Wall x1 |
| 40:37 | ceepki · age_up imperial |
| 40:50 | ceepki · wall_segment Stone Wall x1 |
| 40:51 | ceepki · wall_segment Stone Wall x1 |
| 41:06 | ceepki · wall_segment Stone Wall x1 |
| 41:22 | ceepki · wall_segment Stone Wall x4 |
| 41:24 | ceepki · wall_segment Stone Wall x3 |
| 41:27 | ceepki · wall_segment Stone Wall x7 |
| 41:33 | ceepki · wall_segment Stone Wall x1 |
| 41:35 | ceepki · wall_segment Stone Wall x1 |
| 41:45 | ceepki · wall_segment Stone Wall x3 |
| 42:07 | ceepki · resign |
[ ANÁLISIS IA · 1 CRÉDITO ]
¿Qué pasó realmente en esta partida?
Wolo.gg analiza cada decisión: build order, eco, micro, errores típicos por bracket. Análisis personalizado por WhatsApp o Discord en 30 segundos.
Guía civ
Bengalíes
Perfil
WhiteForest